 Dungeon Crawl Stone Soup version 0.29-a0-925-g0a7a3d12f8 (webtiles) character file.

Game seed: 1442855487432117523

351 gelatine the Chopper (level 6, -4/47 HPs)
             Began as a Demonspawn Gladiator on July 28, 2022.
             Slain by Menkaure (16 damage)
             ... on level 4 of the Dungeon.
             The game lasted 00:09:10 (3753 turns).

gelatine the Chopper (Demonspawn Gladiator)         Turns: 3753, Time: 00:09:10

Health: -4/47      AC:  8    Str: 17    XL:     6   Next: 34%
Magic:  6/6        EV: 12    Int:  9    God:
Gold:   203        SH:  0    Dex: 14    Spells: 5/5 levels left

rFire   . . .      SeeInvis .   a - +1 war axe
rCold   . . .      Faith    .   (no shield)
rNeg    . . .      Spirit   .   i - +0 ring mail
rPois   .          Reflect  .   (helmet restricted)
rElec   .          Harm     .   (no cloak)
rCorr   .          Rampage  .   (no gloves)
Will    .....                   p - +2 pair of boots
Stlth   +.........              (no amulet)
HPRegen 0.15/turn               (no ring)
MPRegen 0.10/turn               (no ring)

@: hasted, very quick
A: antennae 1, demonic guardian 1, ignite blood 1
a: no special abilities


You were on level 4 of the Dungeon.
You visited 1 branch of the dungeon, and saw 4 of its levels.

You collected 203 gold pieces.

Inventory:

Hand Weapons
 a - a +1 war axe (weapon)
Missiles
 d - 3 throwing nets
 e - a javelin
 n - 6 poisoned darts (quivered)
 q - 3 boomerangs
Armour
 b - a +0 leather armour
 c - an orb of energy
 i - a +0 ring mail (worn)
 o - an orb of mayhem
 p - a +2 pair of boots (worn)
 v - a +0 scale mail
Jewellery
 m - an amulet of faith
Scrolls
 f - a scroll of identify {unknown}
 h - 3 scrolls of magic mapping
 k - 2 scrolls of fear
 s - a scroll of teleportation
Potions
 r - a potion of ambrosia {unknown}
 t - a potion of might {unknown}
 x - a potion of attraction {unknown}


   Skills:
 + Level 3.2 Fighting
 + Level 4.7 Axes
 + Level 2.0 Throwing
 + Level 2.5 Armour
 + Level 3.4 Dodging
 + Level 0.4 Stealth


You had 5 spell levels left.
You didn't know any spells.
Your spell library was empty.

Dungeon Overview and Level Annotations

Branches:
Dungeon (4/15)
 Temple: D:4-7

Altars:

Annotations:
D:4 Menkaure


Innate Abilities, Weirdness & Mutations

You have a pair of small antennae on your head.
A weak demonic guardian rushes to your aid.
Your demonic aura sometimes causes spilled blood to erupt in flames.


Message History

The dart slug bites you.
You slash the dart slug!
The dart slug is severely wounded.
The dart slug barely misses you.
You hit the dart slug but do no damage.
The dart slug is severely wounded.
The dart slug closely misses you.
You slash the dart slug!
You kill the dart slug!
HP restored.
Things that are here:
a +0 hand axe; a +0 scale mail; an orc corpse
d - 3 throwing nets (gained 1);
n - 2 poisoned darts
Things that are here:
a +0 giant club; an adder corpse
n - 3 poisoned darts (gained 1)
n - 4 poisoned darts (gained 1)
Things that are here:
a +0 giant club; an adder corpse You now have 192 gold pieces (gained 14).
n - 6 poisoned darts (gained 2)
You now have 203 gold pieces (gained 11).
You see here a +2 helmet.
Menkaure, Prince of Dust comes into view.
Menkaure shouts!
Menkaure points at you and mumbles some strange words.
Pain shoots through your body!
Menkaure calls on the powers of darkness!
Your body is wracked with pain!
Menkaure points at you and mumbles some strange words.
Pain shoots through your body!
* * * LOW HITPOINT WARNING * * *
It was a potion of haste.
You feel yourself speed up.
You are too injured to fight recklessly!
You slash Menkaure!
Menkaure is heavily damaged.
You slash Menkaure!
Menkaure is severely damaged.
Menkaure hits you!
You die...

..........#...............#...
.....#.........#.....#........
#... #.........##...##........
.....#.........#^....#........
..........#...............#...
......#[.###..#.......#..###..
.....###.....###.....###.....#
.###. #.......#..###. .......
..........@....#. ........
.....#.....#M........#.....#
......##...##.........##...##
.....#.$... ....... ...
#...............#.. .
##..#.......#..## .
##.....###.. #.# ...


You could see Menkaure.

Vanquished Creatures
  Edmund (D:4)
  An orc wizard (D:3)
  5 adders
  A worm (D:3)
  3 dart slugs
  3 orcs (D:3)
  6 endoplasms
  8 giant cockroaches
  2 goblins
  4 hobgoblins
  5 jackals
  3 kobolds
  5 quokkas
  6 ball pythons (D:3)
  7 bats
  A frilled lizard (D:2)
  5 rats
66 creatures vanquished.

Vanquished Creatures (collateral kills)
  An ogre (D:4)
  2 orcs
  A jackal (D:2)
4 creatures vanquished.

Vanquished Creatures (others)
  A jackal (D:2)
1 creature vanquished.

Grand Total: 71 creatures vanquished

Notes
Turn   | Place    | Note
-------+----------+-------------------------------------------
     0 | D:1      | gelatine the Demonspawn Gladiator began the quest for the
                  | Orb.
     0 | D:1      | Reached XP level 1. HP: 16/16 MP: 1/1
   145 | D:1      | Gained mutation: You have a pair of small antennae on your
                  | head. [demonic ancestry]
   145 | D:1      | Reached XP level 2. HP: 3/22 MP: 2/2
   489 | D:1      | Reached skill level 3 in Axes
   934 | D:1      | Found a faded altar of an unknown god.
  1186 | D:2      | Gained mutation: Your demonic aura sometimes causes spilled
                  | blood to erupt in flames. [demonic ancestry]
  1186 | D:2      | Reached XP level 3. HP: 8/27 MP: 3/3
  2097 | D:3      | Reached skill level 1 in Armour
  2097 | D:3      | Reached XP level 4. HP: 29/34 MP: 4/4
  2853 | D:3      | Reached skill level 4 in Axes
  3041 | D:3      | HP: 1/34 [quokka (3)]
  3274 | D:3      | Gained mutation: A weak demonic guardian rushes to your
                  | aid. [demonic ancestry]
  3274 | D:3      | Reached XP level 5. HP: 39/40 MP: 5/5
  3577 | D:4      | Noticed Edmund
  3586 | D:4      | Killed Edmund
  3590 | D:4      | Noticed an ogre
  3598 | D:4      | Killed an ogre
  3599 | D:4      | Reached XP level 6. HP: 30/47 MP: 6/6
  3746 | D:4      | Noticed Menkaure
  3753 | D:4      | Slain by Menkaure

Illustrated notes

Levels and vault maps discovered:
D:1:      pf_arrival_petrified_forest, layout_rooms,
          dreamdust_ecumenical_altar_hidden_monk_grotto
D:2:      layout_basic
D:3:      kennysheep_big_flooded_room, layout_basic,
          mainiacjoe_overflow_six_doors_small, gup_sewer_entry_bowl,
          minivault_25, mrwooster_statue_mirror, st_stairs_10, roderic_lattice_a
D:4:      nicolae_cairo_tiling_large_dashed, layout_rooms,
          minmay_temple_entry_grid, amcnicky_mini_pool_small, minmay_ruptured,
          uniq_menkaure, uniq_edmund, uniq_ijyb

Skill      XL: |  1  2  3  4  5 |
---------------+----------------+-----
Axes           | 3 4 |  4.7
Dodging        | 3 |  3.4
Armour         | 1 2 |  2.5
Fighting       | 3 |  3.2
Throwing       | 2 |  2.0
Stealth        | |  0.4

Action                   |  1- 3 |  4- 6 || total
-------------------------+-------+-------++-------
Melee: War axe           |    99 |    85 ||   184
       Punch             |     1 |       ||     1
Throw: Dart              |       |     7 ||     7
       Throwing net      |       |     1 ||     1
  Use: Potion            |     2 |     4 ||     6
       Scroll            |       |     9 ||     9
Armor: Leather armour    |    52 |     2 ||    54
       Ring mail         |       |    32 ||    32
Dodge: Dodged            |   126 |    54 ||   180

Table legend: (Time is in decaauts)
 A = Elapsed time spent in this place.
 B = Non-inter-level travel time spent in this place.
 C = Inter-level travel time spent in this place.
 D = Time resting spent in this place.
 E = Time spent auto-exploring this place.
 F = Levels seen in this place.
 G = Mean time per level.
                   A        B        C        D        E       F      G
               +--------+--------+--------+--------+--------+-----+--------+
         Total |   3818 |   3707 |    111 |    262 |   2761 |   4 |  954.5 |
       Dungeon |   3818 |   3707 |    111 |    262 |   2761 |   4 |  954.5 |
               +--------+--------+--------+--------+--------+-----+--------+

Top non-repeatable levels by time:
     D:3: 1663 daAuts
     D:1: 1154 daAuts
     D:2: 801 daAuts
     D:4: 198 daAuts
